 Dungeon Crawl Stone Soup version 0.26-a0-30-g56b8cd3df0 (webtiles) character file.

Game seed: 15601476311295950313, levelgen mode: deterministic

111921 grindst0ne the Warrior (level 17, 0/114 HPs)
             Began as a Kobold Berserker on June 3, 2020.
             Was a High Priest of Trog.
             Killed from afar by a shock serpent (7 damage)
             ... with a bolt of electricity
             ... on level 2 of the Snake Pit.
             The game lasted 01:11:11 (34053 turns).

grindst0ne the Warrior (Kobold Berserker)          Turns: 34053, Time: 01:11:12

Health: 0/114      AC: 24    Str: 18 (21) XL:     17   Next: 14%
Magic:  21/21      EV: 20    Int: 10 (13) God:    Trog [*****.]
Gold:   723        SH:  9    Dex: 18 (20) Spells: 16/16 levels left

rFire    + . .     SeeInvis .   H - +6 rapier (elec)
rCold    + . .     Gourm    .   T - +2 buckler
rNeg     + . .     Faith    +   V - +7 chain mail of Lavum {*Corrode rC+ rN+ Str+4}
rPois    .         Spirit   .   S - +2 helmet of Iretwa {rF+ Int+4 Dex+2}
rElec    .         Reflect  .   (no cloak)
rCorr    +         Harm     .   C - +0 pair of gloves
MR       +++..                  (no boots)
Stlth    ..........             R - amulet of faith
HPRegen  1.29/turn              y - +4 ring of protection
MPRegen  0.17/turn              g - ring of resist corrosion

@: corroded, very slightly contaminated, regenerating, slowed, very slow
A: small, carnivore
a: Berserk, Trog's Hand, Brothers in Arms, Renounce Religion


You were on level 2 of the Snake Pit.
You worshipped Trog.
Trog was extremely pleased with you.
You were not hungry.

You visited 4 branches of the dungeon, and saw 25 of its levels.
You visited 1 bazaar.

You collected 2059 gold pieces.
You spent 1336 gold pieces at shops.

Inventory:

Hand Weapons
 H - a +6 rapier of electrocution (weapon)
 J - the +12 lajatang of Kobold's Peril {vorpal, *Rage Dex+4 Stlth+}
   (Trog gifted it to you on level 15 of the Dungeon)

   It inflicts extra damage upon your enemies.
   It affects your dexterity (+4).
   It may make you go berserk in combat.
   It makes you more stealthy.
 Z - the +3 double sword "Saplaqua" {vorpal, +Rage MR- Int+7 SInv}
   (Trog gifted it to you on level 2 of the Orcish Mines)

   It inflicts extra damage upon your enemies.
   It affects your intelligence (+7).
   It affects your resistance to hostile enchantments.
   It lets you see invisible.
   It lets you go berserk.
Missiles
 o - 5 silver boomerangs (quivered)
 A - 4 throwing nets
 D - 14 curare-tipped darts
Armour
 C - a +0 pair of gloves (worn)
 G - +0 swamp dragon scales
 O - the +4 skin of Zhor {Englaciate rC+++ SInv}
   (You found it on level 6 of the Lair of Beasts)

   It renders you almost immune to cold.
   It lets you see invisible.
 S - the +2 helmet of Iretwa (worn) {rF+ Int+4 Dex+2}
   (You found it on level 6 of the Lair of Beasts)

   It affects your intelligence (+4).
   It affects your dexterity (+2).
   It protects you from fire.
 T - a +2 buckler (worn)
 V - the +7 chain mail of Lavum (worn) {*Corrode rC+ rN+ Str+4}
   (You took it off an orc warrior on level 10 of the Dungeon)

   It affects your strength (+4).
   It protects you from cold.
   It protects you from negative energy.
   It may corrode you when you take damage.
 Y - a +0 crystal plate armour
Jewellery
 g - a ring of resist corrosion (right hand)
 y - a +4 ring of protection (left hand)
 P - an uncursed ring of protection from cold
 R - an amulet of faith (around neck)
 W - an uncursed amulet of magic regeneration {unknown}
Wands
 l - a wand of acid (11)
 n - a wand of enslavement (9)
 p - a wand of digging (3)
 w - a wand of paralysis (36)
 B - a wand of random effects (26)
 L - a wand of polymorph (7)
Scrolls
 b - 9 scrolls of remove curse
 f - 16 scrolls of teleportation
 h - 3 scrolls of magic mapping
 j - 6 scrolls of enchant armour
 s - 5 scrolls of enchant weapon
 t - 5 scrolls of fog
 u - 5 scrolls of fear
 E - 2 scrolls of immolation
 I - a scroll of blinking
 K - a scroll of torment
 Q - 3 scrolls of identify
Potions
 a - 3 potions of curing
 d - 4 potions of ambrosia
 e - 3 potions of mutation
 i - 3 potions of flight
 k - 4 potions of lignification
 m - 2 potions of berserk rage
 q - 2 potions of haste
 r - 2 potions of brilliance
 v - 3 potions of might
 x - 2 potions of magic
 z - a potion of heal wounds
 M - a potion of degeneration
Miscellaneous
 F - a tin of tremorstones (3/3)
 N - a tin of tremorstones (3/3)
 U - a tin of tremorstones (3/3)
 X - a phial of floods
Comestibles
 c - 54 rations


   Skills:
 + Level 15.6 Fighting
 - Level 12.4(15.0) Short Blades
 + Level 9.6(10.8) Long Blades
 + Level 11.6 Armour
 + Level 15.3 Dodging
 - Level 7.0 Shields
 - Level 6.0 Evocations


You had 16 spell levels left.
You didn't know any spells.
Your spell library contained the following spells:

 Spells                   Type           Power        Failure   Level  Hunger
 Animate Skeleton         Necr           N/A          96%         1    ##.....
 Apportation              Tloc           #.....       96%         1    ##.....
 Corona                   Hex            #......      96%         1    ##.....
 Pain                     Necr           #...         96%         1    ##.....
 Sandblast                Erth           #.....       96%         1    ##.....
 Summon Small Mammal      Summ           #...         96%         1    ##.....
 Corpse Rot               Necr/Air       N/A          99%         2    ###....
 Ensorcelled Hibernation  Hex/Ice        #.....       99%         2    ###....
 Passwall                 Tmut/Erth      #.......     99%         2    ###....
 Sublimation of Blood     Necr           #.........   99%         2    ###....
 Confusing Touch          Hex            #.......     100%        3    ####...
 Dazzling Flash           Conj/Hex       #.....       100%        3    ####...
 Gell's Gravitas          Tloc           #.........   100%        3    ####...
 Portal Projectile        Hex/Tloc       #.....       100%        3    ####...
 Stone Arrow              Conj/Erth      #.....       100%        3    ####...
 Tukima's Dance           Hex            #.......     100%        3    ####...
 Vampiric Draining        Necr           #.........   100%        3    ####...
 Dispel Undead            Necr           #.......     100%        4    #####..
 Hailstorm                Conj/Ice       #.......     100%        4    #####..
 Petrify                  Tmut/Erth      #.......     100%        4    #####..
 Agony                    Necr           #.......     100%        5    ######.
 Excruciating Wounds      Chrm/Necr      #.........   100%        5    ######.
 Lee's Rapid Deconstruct  Erth           #.........   100%        5    ######.
 Dispersal                Tloc           #.........   100%        6    #######
 Controlled Blink         Tloc           N/A          100%        8    #######
 Disjunction              Tloc           #.........   100%        8    #######


Dungeon Overview and Level Annotations

Branches:
Dungeon (15/15)            Temple (0/1) D:6            Lair (6/6) D:8
 Shoals (0/4) Lair:3        Snake (1/4) Lair:4          Orc (2/2) D:9
    Elf (0/3) Orc:2        Vaults (0/5) D:14         Depths (0/5) D:15
  Slime: Lair:5-6

Altars:
Ashenzari
Cheibriados
Dithmenos
Fedhas
Gozag
Makhleb
Ru
Sif Muna
Trog
Uskayaw
Zin
The Shining One
Beogh

Shops:
D:9 [   D:14 !   Orc:2 [!(??

Annotations:
D:14 exclusion: downstairs
Lair:3 exclusion: downstairs
Lair:5 exclusion: downstairs
Lair:6 exclusion: 3 oklob plants


Innate Abilities, Weirdness & Mutations

You are small and have problems with some larger weapons.
You are carnivorous and can eat meat at any time.


Message History

The splash of poison misses you.
The shock serpent shoots out a bolt of lightning at you!
The bolt of electricity hits you.
* * * LOW HITPOINT WARNING * * *
The bolt of electricity hits you!
* * * LOW HITPOINT WARNING * * *
The bolt of electricity hits the shock serpent.
The shock serpent completely resists.
Blink to where?
Press: ? - help, Dir - move target cursor You are very lightly contaminated with residual magic.
As you read the scroll of blinking, it crumbles to dust.
The shock serpent shoots out a bolt of lightning at you!
The bolt of electricity misses you.
The shock serpent shoots out a bolt of lightning at you!
The bolt of electricity hits you.
* * * LOW HITPOINT WARNING * * *
The shock serpent shoots out a bolt of lightning at you!
The bolt of electricity hits you!
You die...

.... .N... ...... #
.##.. ....... .. ...
#.####.# #.# #...@..#
#.#######
####...######.......#
..#..#...#.......#
..###.#.(.#.......#
... #.#.(.#.....###
#.#. #....##)....#
#.$. #.S.##)....# .
.. #!.ยง(..#...#
#....#######


You could see a shock serpent.

Vanquished Creatures
  Jorgrun (Orc:1)
  Nessos (Lair:5)
  The ghost of gruber the Fencer, a journeyman MiFi of Okawaru (D:13)
  A dire elephant (D:15)
  Snorg (Lair:6)
  An ettin (Orc:1)
  Josephine (D:15)
  Harold (D:9)
  7 hydras
  A naga warrior (Snake:1)
  Erica (D:9)
  A catoblepas (Lair:6)
  The ghost of gruber the Fighter, a novice DrTm of Cheibriados (D:10)
  8 vault guards (D:14)
  2 centaur warriors
  2 anacondas
  3 two-headed ogres
  A merfolk avatar (Lair:6)
  8 death yaks
  3 tengu warriors (D:15)
  Urug (Lair:6)
  2 naga sharpshooters
  Nergalle (Lair:2)
  3 skeletal warriors (D:15)
  2 unseen horrors
  A sea snake (Lair:6)
  A wizard (D:15)
  6 orc knights
  A harpy (Lair:6)
  A mana viper (Snake:1)
  3 wolf spiders
  4 oklob plants (Lair:6)
  5 manticores
  5 cyclopes
  A salamander (D:15)
  2 orc sorcerers
  4 ugly things
  Maurice (Orc:1)
  3 elephants
  2 centaur zombies
  A torpor snail (Lair:4)
  12 spiny frogs
  A guardian serpent (Snake:2)
  2 naga magi
  10 black mambas
  Maggie (D:8)
  4 kobold demonologists (D:13)
  5 rime drakes
  7 komodo dragons
  A freezing wraith (D:15)
  A tengu conjurer (D:15)
  A hornet (Lair:6)
  3 meliai (D:15)
  12 trolls
  A queen bee (D:9)
  17 slime creatures
  5 polar bears
  17 blink frogs
  2 wind drakes (Lair:6)
  8 dream sheep (Lair:6)
  9 hippogriffs
  2 redbacks (Orc:1)
  A vampire (D:15)
  5 wyverns
  2 shadows (D:12)
  8 wraiths
  2 basilisks
  47 yaks
  A steam dragon (D:11)
  A hungry ghost (D:14)
  4 vampire mosquitoes (D:13)
  4 wargs
  7 nagas
  10 water moccasins
  3 acid dragons
  8 porcupines
  6 black bears
  4 sky beasts
  3 necrophages
  4 eyes of draining
  40 orc warriors
  8 phantoms
  3 ice beasts
  17 centaurs
  20 ogres
  6 wolves
  13 crocodiles
  8 big kobolds (D:13)
  Blork the orc (Orc:1)
  21 bullfrogs
  A gnoll sergeant (Orc:1)
  6 scorpions
  27 killer bees
  4 wights (D:8)
  3 howler monkeys
  An electric eel (Lair:3)
  7 crimson imps
  2 quasits
  11 orc priests
  3 bullfrog zombies
  8 hounds
  A jelly (D:7)
  6 bullfrog skeletons
  16 orc wizards
  2 centaur skeletons
  5 iguanas
  Jessica (D:2)
  12 worker ants
  6 hell rats (Lair:6)
  A hound zombie (D:7)
  A hound skeleton (D:10)
  2 howler monkey skeletons
  16 adders
  3 shadow imps
  An ooze (D:4)
  4 worms
  A dart slug (D:2)
  12 leopard geckos
  86 orcs
  9 giant cockroaches
  13 goblins
  5 hobgoblins
  9 jackals
  6 quokkas
  A ball python (D:6)
  3 bats
  4 frilled lizards
  14 kobolds
  9 rats
  2 plants
798 creatures vanquished.

Vanquished Creatures (collateral kills)
  An elephant (Lair:6)
  A rime drake (Lair:6)
  A centaur (D:7)
3 creatures vanquished.

Vanquished Creatures (others)
  20 fungi
  50 plants
70 creatures vanquished.

Grand Total: 871 creatures vanquished

Notes
Turn   | Place    | Note
-------+----------+-------------------------------------------
     0 | D:1      | grindst0ne the Kobold Berserker began the quest for the
                  | Orb.
     0 | D:1      | Reached XP level 1. HP: 14/14 MP: 1/1
    97 | D:1      | Reached XP level 2. HP: 4/19 MP: 2/2
   765 | D:1      | Reached XP level 3. HP: 24/24 MP: 3/3
   795 | D:1      | Reached ** piety under Trog
  1513 | D:2      | Reached XP level 4. HP: 17/29 MP: 4/4
  1515 | D:2      | Found a burning altar of Makhleb.
  1760 | D:2      | Reached skill level 5 in Short Blades
  1830 | D:2      | Noticed Jessica
  1841 | D:2      | Killed Jessica
  1997 | D:2      | Reached XP level 5. HP: 33/33 MP: 5/5
  2163 | D:3      | Found a hide-covered altar of Uskayaw.
  2197 | D:3      | Reached *** piety under Trog
  2604 | D:3      | Reached XP level 6. HP: 37/39 MP: 6/6
  2670 | D:3      | Found a shimmering blue altar of Sif Muna.
  3068 | D:4      | Noticed an ogre
  3080 | D:4      | Killed an ogre
  3080 | D:4      | Reached skill level 5 in Fighting
  3184 | D:4      | Noticed an ogre
  3189 | D:4      | Killed an ogre
  3189 | D:4      | Reached skill level 5 in Dodging
  3189 | D:4      | Reached XP level 7. HP: 21/44 MP: 7/7
  3898 | D:4      | Reached **** piety under Trog
  4007 | D:5      | Entered Level 5 of the Dungeon
  4027 | D:5      | Reached XP level 8. HP: 36/51 MP: 8/8
  5196 | D:5      | Found a shattered altar of Ashenzari.
  5639 | D:6      | Reached XP level 9. HP: 57/57 MP: 9/9
  6515 | D:6      | Found a staircase to the Ecumenical Temple.
  6780 | D:7      | Found a snail-covered altar of Cheibriados.
  6797 | D:7      | Reached skill level 10 in Short Blades
  7077 | D:7      | Reached XP level 10. HP: 62/66 MP: 10/10
  7507 | D:7      | Found a shadowy altar of Dithmenos.
  7507 | D:7      | Noticed a purple ugly thing
  7517 | D:7      | Killed a purple ugly thing
  7611 | D:7      | Found a burning altar of Makhleb.
  7677 | D:7      | Found an opulent altar of Gozag.
  7884 | D:8      | Found a staircase to the Lair.
  7982 | D:8      | Reached ***** piety under Trog
  7982 | D:8      | Reached skill level 10 in Dodging
  7982 | D:8      | Reached skill level 1 in Evocations
  8048 | D:8      | Noticed Maggie
  8090 | D:8      | Killed Maggie
  8395 | D:8      | Found a sacrificial altar of Ru.
  9231 | D:9      | Found a staircase to the Orcish Mines.
  9253 | D:9      | Noticed Harold
  9272 | D:9      | Killed Harold
  9272 | D:9      | Reached skill level 10 in Fighting
  9272 | D:9      | Reached XP level 11. HP: 57/72 MP: 13/13
  9468 | D:9      | Found a bloodstained altar of Trog.
  9634 | D:9      | Noticed a two-headed ogre
  9639 | D:9      | Killed a two-headed ogre
  9730 | D:9      | Reached skill level 5 in Evocations
  9773 | D:9      | Found Ezxuviku's Armour Boutique.
  9839 | D:9      | Found a glowing golden altar of the Shining One.
  9960 | D:9      | Found a glowing silver altar of Zin.
 10299 | D:9      | Received a gift from Trog
 10706 | D:9      | Found a blossoming altar of Fedhas.
 10854 | D:9      | Noticed Erica
 10869 | D:9      | Killed Erica
 11094 | Lair:1   | Entered Level 1 of the Lair of Beasts
 11226 | Lair:1   | You fall into a shaft and drop 1 floor!
 11246 | Lair:2   | Noticed Nergalle
 11252 | Lair:2   | Noticed a four-headed hydra
 11258 | Lair:2   | Killed Nergalle
 11270 | Lair:2   | Killed a four-headed hydra
 11270 | Lair:2   | Reached skill level 5 in Armour
 11270 | Lair:2   | Reached XP level 12. HP: 80/80 MP: 16/16
 12449 | Lair:2   | Noticed a seven-headed hydra
 12461 | Lair:2   | Killed a two-headed hydra
 12844 | Lair:2   | Reached skill level 1 in Long Blades
 13595 | Lair:3   | Noticed a seven-headed hydra
 13616 | Lair:3   | Killed a one-headed hydra
 14554 | Lair:3   | Noticed an eight-headed hydra
 14558 | Lair:3   | Killed an eight-headed hydra
 14558 | Lair:3   | Reached XP level 13. HP: 87/87 MP: 17/17
 15086 | Lair:3   | Found a staircase to the Shoals.
 15775 | Lair:4   | Found a staircase to the Snake Pit.
 15977 | Lair:4   | Got a brightly glowing quarterstaff
 16031 | Lair:4   | Identified the cursed +3 quarterstaff of Ykhlaurog
                  | {antimagic, rN+ Int+4 Stlth+} (You found it on level 4 of
                  | the Lair of Beasts)
 16699 | Lair:5   | Noticed Nessos
 16908 | Lair:5   | Noticed a six-headed hydra
 16917 | Lair:5   | Killed a six-headed hydra
 16921 | Lair:5   | Killed Nessos
 17187 | Lair:5   | Noticed a four-headed hydra
 17203 | Lair:5   | Killed a four-headed hydra
 17652 | Lair:5   | Reached skill level 5 in Long Blades
 17811 | Lair:5   | Reached skill level 1 in Shields
 18258 | Lair:6   | Entered Level 6 of the Lair of Beasts
 18258 | Lair:6   | Noticed Urug
 18285 | Lair:6   | Killed Urug
 18285 | Lair:6   | Reached XP level 14. HP: 67/94 MP: 18/18
 18439 | Lair:6   | Noticed Snorg
 19399 | Lair:6   | Received a gift from Trog
 19537 | Lair:6   | Reached skill level 5 in Shields
 20369 | Lair:6   | Killed Snorg
 21231 | Lair:6   | Got a translucent helmet
 21248 | Lair:6   | Identified the +2 helmet of Iretwa {rF+ Int+4 Dex+2} (You
                  | found it on level 6 of the Lair of Beasts)
 21992 | Lair:6   | Found the +4 skin of Zhor {Englaciate rC+++ SInv}
 22020 | Lair:6   | Reached XP level 15. HP: 89/99 MP: 19/19
 22325 | Lair:6   | Got a faintly glowing dagger
 22359 | Lair:6   | Identified the cursed +3 dagger of Laceration {vorpal, rF+}
                  | (You found it on level 6 of the Lair of Beasts)
 22786 | D:10     | Entered Level 10 of the Dungeon
 23167 | D:10     | Found a runed translucent gate.
 23167 | D:10     | Noticed gruber's ghost (novice DrTm)
 23167 | D:10     | Identified the cursed +3 morningstar "Qezaifun" {elec,
                  | Dex+4}
 23167 | D:10     | Identified the +7 chain mail of Lavum {*Corrode rC+ rN+
                  | Str+4}
 23168 | D:10     | Found a runed translucent gate.
 23169 | D:10     | Found a roughly hewn altar of Beogh.
 23169 | D:10     | Found a runed translucent gate.
 23255 | D:10     | Killed gruber's ghost
 23257 | D:10     | Received a gift from Trog
 24806 | D:12     | Received a gift from Trog
 25944 | D:13     | Reached skill level 10 in Armour
 26076 | D:13     | Identified Moecuump's Collected Works on Combat Magic and
                  | Sinister Arts
 26348 | D:13     | Received a gift from Trog
 26555 | D:13     | Found a runed translucent gate.
 26556 | D:13     | Found a runed translucent gate.
 26556 | D:13     | Noticed gruber's ghost (journeyman MiFi)
 26557 | D:13     | Found a runed translucent gate.
 26976 | D:13     | Killed gruber's ghost
 27108 | D:14     | Found a gate to the Vaults.
 27166 | D:14     | Reached XP level 16. HP: 107/107 MP: 20/20
 27805 | D:14     | Found Zucipote's Distillery.
 27808 | D:14     | Bought a potion of flight for 48 gold pieces
 27808 | D:14     | Bought a potion of heal wounds for 80 gold pieces
 28559 | D:15     | Entered Level 15 of the Dungeon
 28572 | D:15     | Received a gift from Trog
 28622 | D:15     | Reached ****** piety under Trog
 28649 | D:15     | Found a flickering gateway to a bazaar.
 28655 | Bazaar   | Entered a bazaar
 28655 | Bazaar   | Found Puzxonn's Book Emporium.
 28655 | Bazaar   | Found Febex's Weapon Shoppe.
 28655 | Bazaar   | Found Dunalumo's Gadget Shoppe.
 28655 | Bazaar   | Found Hatz's Weapon Emporium.
 28655 | Bazaar   | Found Doxy's Book Emporium.
 28689 | Bazaar   | Bought a book of the Warp for 990 gold pieces
 28989 | D:15     | Found a staircase to the Depths.
 29843 | D:15     | Got a crystal lajatang {god gift}
 29849 | D:15     | Identified the +12 lajatang of Kobold's Peril {vorpal,
                  | *Rage Dex+4 Stlth+} (Trog gifted it to you on level 15 of
                  | the Dungeon)
 29934 | D:15     | Noticed Josephine
 29944 | D:15     | Reached skill level 15 in Fighting
 29949 | D:15     | Killed Josephine
 30454 | Orc:1    | Entered Level 1 of the Orcish Mines
 30454 | Orc:1    | Noticed Maurice
 30459 | Orc:1    | Killed Maurice
 30943 | Orc:1    | Noticed Jorgrun
 30963 | Orc:1    | HP: 2/162 [Jorgrun/+0 vorpal quarterstaff (10)]
 30966 | Orc:1    | Killed Jorgrun
 31665 | Orc:2    | Entered Level 2 of the Orcish Mines
 31665 | Orc:2    | Found a staircase to the Elven Halls.
 31716 | Orc:2    | Reached skill level 15 in Dodging
 31799 | Orc:2    | Received a gift from Trog
 31802 | Orc:2    | Got an ichor-stained double sword {god gift}
 31808 | Orc:2    | Identified the +3 double sword "Saplaqua" {vorpal, +Rage
                  | MR- Int+7 SInv} (Trog gifted it to you on level 2 of the
                  | Orcish Mines)
 32445 | Orc:2    | Received a gift from Trog
 32528 | Orc:2    | Found Jewyruuh's Weapon Boutique.
 32528 | Orc:2    | Found Siuhiug's Distillery.
 32530 | Orc:2    | Found Yrotzi's Antique Armour Emporium.
 32532 | Orc:2    | Found Laah's Magic Scroll Shop.
 32544 | Orc:2    | Bought a scroll of identify for 34 gold pieces
 32544 | Orc:2    | Bought a scroll of identify for 34 gold pieces
 32603 | Orc:2    | Found Mecsueregg's Magic Scroll Shop.
 32607 | Orc:2    | Bought a scroll of blinking for 75 gold pieces
 32607 | Orc:2    | Bought a scroll of blinking for 75 gold pieces
 32685 | Orc:1    | Noticed Blork the orc
 32701 | Orc:1    | Killed Blork the orc
 33188 | Snake:1  | Entered Level 1 of the Snake Pit
 33322 | Snake:1  | Reached XP level 17. HP: 104/113 MP: 21/21
 33979 | Snake:1  | You fall into a shaft and drop 1 floor!
 34004 | Snake:2  | Received a gift from Trog
 34053 | Snake:2  | Killed from afar by a shock serpent

Illustrated notes

Levels and vault maps discovered:
D:1:      nzn_arrival_depleted_hourglass, layout_rooms, minmay_tromino_v4_c
D:2:      layout_basic, fountainhead, makhleb_heckhound_becter, uniq_jessica
D:3:      layout_rooms, eat_drink_and_be_merry_uskayaw, old_standard_altar,
          minmay_mini_jars
D:4:      layout_cave_pools
D:5:      minmay_general_purpose_star, layout_basic,
          ashenzari_conservatory_becter, first_ration, serial_rivers,
          chequers_serial_rivers_micro_c, chequers_serial_rivers_small_3,
          chequers_serial_rivers_large_b, chequers_serial_rivers_micro_b
D:6:      layout_gridville, minmay_temple_entry_grid, solitary_fountain,
          minivault_11, minivault_5
D:7:      layout_gridville, lemuel_round_altar, lemuel_crystal_altar,
          nicolae_dithmenos_shadow_blocks, basic_altar
D:8:      layout_basic, nicolae_ru_sacrificial_ziggurat, dpeg_oklobed_lair,
          uniq_maggie
D:9:      layout_irregular_city, nicolae_overflow_crystal_walls,
          old_standard_altar, zin_treasury, fedhas_altar_fruit_tree,
          serial_shops, nicolae_shop_behind_doors, david_nohive_1, uniq_erica,
          uniq_harold
D:10:     layout_loops_ring, biasface_ghost_orc_armoury
D:11:     layout_gridville
D:12:     layout_basic
D:13:     layout_roguey, gammafunk_ghost_nasty_kobolds
D:14:     layout_grid_maze, erik_vaults_2, serial_shops, kennysheep_mini
D:15:     hangedman_depths_entry_try_elsewhere_first, layout_long_grid,
          serial_shops, bzr_entry_safe, chequers_serial_rivers_room_b,
          uniq_josephine
Lair:1:   layout_cave_pods, grunt_megastairs_3, serial_bayou_shore_b
Lair:2:   layout_regular_city, uniq_nergalle
Lair:3:   layout_cave_pods, elwin_shoals_entry_rooms, serial_rivers,
          chequers_serial_rivers_small_3, chequers_serial_rivers_micro_e,
          chequers_serial_rivers_large_a, chequers_serial_rivers_micro_c,
          chequers_serial_rivers_room_b, chequers_serial_rivers_micro_a,
          minivault_26, hangedman_lair_generics_rect
Lair:4:   layout_roguey, guppyfry_snake_entry_island,
          hangedman_lair_unloving_vines
Lair:5:   layout_regular_city, serial_bayou_pond_b, uniq_nessos
Lair:6:   gammafunk_lair_ancient_temple, layout_small_grid,
          minmay_slime_entry_oklob_enclosed, grunt_megastairs_1,
          minmay_lair_oklob_chamber, lemuel_fruit_tree, uniq_snorg, uniq_urug
Snake:1:  layout_onion_interference, basic_altar, ebering_ghost_rock_garden,
          minmay_shop_mass, serial_bayou_lake_a
Snake:2:  layout_misc_corridors
Orc:1:    nicolae_orc_accident_3, layout_diamond_mine, sword_in_stone,
          uniq_jorgrun, uniq_maurice
Orc:2:    st_orc_rangers, layout_caves, serial_shops, shop, special_room

Skill      XL: |  1  2  3  4  5  6  7  8  9 10 11 12 13 14 15 16 |
---------------+-------------------------------------------------+-----
Dodging        | 3 4 5 6 7 9 10 11 13 14 15 | 15.3
Fighting       | 4 5 6 7 9 10 11 12 13 14 15 | 15.6
Short Blades   | 5 6 7 8 10 12 | 12.4
Evocations     | 3 6 |  6.0
Armour         | 3 5 6 8 9 10 11 | 11.6
Long Blades    | 2 5 7 8 9 |  9.6
Shields        | 2 6 7 |  7.0

Action                   |  1- 3 |  4- 6 |  7- 9 | 10-12 | 13-15 | 16-18 || total
-------------------------+-------+-------+-------+-------+-------+-------++-------
Melee: Short sword       |   144 |   200 |   434 |   473 |       |       ||  1251
       Rapier            |       |       |       |   250 |  1472 |   653 ||  2375
       Scimitar          |       |       |       |    18 |       |       ||    18
       Lajatang          |       |       |       |       |       |   103 ||   103
Throw: Boomerang         |       |     2 |       |       |    41 |     1 ||    44
Invok: Berserk           |     2 |     3 |     9 |    20 |    19 |     9 ||    62
       Trog's Hand       |       |       |       |     2 |     8 |     7 ||    17
       Brothers in Arms  |       |       |       |     1 |     5 |       ||     6
Evoke: Tin of tremorston |       |       |     1 |       |     6 |       ||     7
       Wand              |       |       |       |     5 |    41 |    14 ||    60
  Use: Potion            |       |     1 |       |       |     6 |     4 ||    11
       Scroll            |       |       |     6 |     4 |    14 |     9 ||    33
 Stab: Sleeping          |       |     1 |       |       |       |       ||     1
       Distracted        |       |       |     1 |       |     1 |       ||     2
       Paralysed         |       |       |       |       |     1 |       ||     1
  Eat: Chunk             |    11 |     9 |    21 |    44 |    61 |    32 ||   178
Armor: Leather armour    |    27 |    15 |    35 |    14 |       |       ||    91
       Swamp dragon scal |       |       |       |    90 |   126 |       ||   216
       Chain mail        |       |       |       |       |   130 |   190 ||   320
Dodge: Dodged            |   127 |   142 |   265 |   576 |   800 |   531 ||  2441
Block: Buckler           |       |       |       |       |   324 |   237 ||   561

Table legend:
 A = Non-vault XP
 B = Vault XP
 C = Vault XP percentage of total XP
 D = Non-vault monster count
 E = Vault monster count
 F = Vault count percentage of total count
                 A         B        C        D         E       F
            +---------+---------+-------+---------+---------+-------
      Total |  106246 |   53642 |  33.5 |     612 |     187 |  23.4
            +---------+---------+-------+---------+---------+-------
        D:1 |      30 |       4 |  11.8 |      20 |       2 |   9.1
        D:2 |      28 |      80 |  74.1 |      14 |       2 |  12.5
        D:3 |     142 |      29 |  17.0 |      32 |      10 |  23.8
        D:4 |     659 |       0 |   0.0 |      22 |       0 |   0.0
        D:5 |     816 |      41 |   4.8 |      22 |       2 |   8.3
        D:6 |    1213 |       0 |   0.0 |      22 |       0 |   0.0
        D:7 |    1838 |       0 |   0.0 |      28 |       0 |   0.0
        D:8 |    2068 |     395 |  16.0 |      29 |       1 |   3.3
        D:9 |    3142 |    3212 |  50.6 |      21 |      18 |  46.2
       D:10 |    2128 |    1311 |  38.1 |      21 |      12 |  36.4
       D:11 |    4992 |       0 |   0.0 |      29 |       0 |   0.0
       D:12 |    9354 |       0 |   0.0 |      43 |       0 |   0.0
       D:13 |    8071 |    3600 |  30.8 |      44 |      13 |  22.8
       D:14 |    3463 |    7850 |  69.4 |      12 |       8 |  40.0
       D:15 |   13612 |    4887 |  26.4 |      42 |      10 |  19.2
     Lair:1 |    1988 |     174 |   8.0 |      10 |       2 |  16.7
     Lair:2 |    5370 |     792 |  12.9 |      16 |       1 |   5.9
     Lair:3 |    5824 |    2609 |  30.9 |      18 |       7 |  28.0
     Lair:4 |    6727 |     332 |   4.7 |      16 |       2 |  11.1
     Lair:5 |   10710 |    2793 |  20.7 |      34 |       6 |  15.0
     Lair:6 |    9207 |   14424 |  61.0 |      35 |      38 |  52.1
    Snake:1 |    5840 |       0 |   0.0 |      12 |       0 |   0.0
    Snake:2 |    1963 |       0 |   0.0 |       4 |       0 |   0.0
      Orc:1 |    3580 |    6544 |  64.6 |      18 |      17 |  48.6
      Orc:2 |    3481 |    4565 |  56.7 |      48 |      36 |  42.9
            +---------+---------+-------+---------+---------+-------
